 Dungeon Crawl Stone Soup version 0.25.0-9-g26727b657a (webtiles) character file.

Game seed: 4642952121336940775

6941 theswoord the Carver (level 10, -2/73 HPs)
             Began as a Demonspawn Gladiator on June 17, 2020.
             Killed from afar by a frost giant (29 damage)
             ... with a bolt of cold
             ... in an ice cave.
             The game lasted 00:17:02 (7184 turns).

theswoord the Carver (Demonspawn Gladiator)         Turns: 7184, Time: 00:17:02

Health: -2/73      AC: 10    Str: 16    XL:     10   Next: 80%
Magic:  10/10      EV: 11    Int: 10    God:
Gold:   424        SH:  0    Dex: 16    Spells: 9/9 levels left

rFire    + . .     SeeInvis .   a - +0 long sword
rCold    + . .     Gourm    .   (no shield)
rNeg     . . .     Faith    .   x - +0 scale mail
rPois    .         Spirit   .   c - +1 helmet
rElec    .         Reflect  .   i - scarf {rC+ rF+}
rCorr    .         Harm     .   (no gloves)
MR       .....                  (boots unavailable)
Stlth    ..........             p - amulet of regeneration
HPRegen  0.62/turn              (no ring)
MPRegen  0.12/turn              (no ring)

@: no status effects
A: hooves 3, slimy green scales 1, demonic guardian 2, spiny 2
a: no special abilities


You were in an ice cave.
You were not hungry.

You visited 2 branches of the dungeon, and saw 10 of its levels.
You also visited: Ice Cave.

You collected 424 gold pieces.

Inventory:

Hand Weapons
 a - a +0 long sword (weapon)
 e - a +2 mace of distortion
 t - a +1 war axe of flaming
Missiles
 d - 3 throwing nets (quivered)
Armour
 b - a +0 leather armour
 c - a +1 helmet (worn)
 i - a scarf of resistance (worn)
 x - a +0 scale mail (worn)
 D - a +0 buckler
Jewellery
 p - an amulet of regeneration (around neck)
 B - an uncursed amulet of magic regeneration
Scrolls
 g - a scroll of magic mapping
 h - 3 scrolls of amnesia
 k - 6 scrolls of remove curse
 m - 4 scrolls of teleportation
 n - 2 scrolls of enchant armour
 s - a scroll of blinking
 u - a scroll of fear {unknown}
 y - a scroll of fog
Potions
 j - a potion of might
 q - a potion of brilliance
 v - a potion of invisibility {unknown}
 w - 4 potions of heal wounds {unknown}
 z - 4 potions of flight {unknown}
 A - a potion of resistance {unknown}
 E - 3 potions of mutation {unknown}
Comestibles
 f - 16 rations
 r - 14 chunks of flesh


   Skills:
 * Level 4.4 Fighting
 - Level 14.0 Long Blades
 - Level 1.7 Throwing
 + Level 2.3 Armour
 + Level 3.7 Dodging


You had 9 spell levels left.
You didn't know any spells.
Your spell library contained the following spells:

 Spells                   Type           Power        Failure   Level  Hunger
 Freeze                   Ice            #...         80%         1    ##.....
 Frozen Ramparts          Ice            #.....       99%         3    ####...
 Ozocubu's Armour         Chrm/Ice       #.......     99%         3    ####...
 Hailstorm                Conj/Ice       #.......     100%        4    #####..
 Summon Ice Beast         Ice/Summ       #.......     100%        4    #####..


Dungeon Overview and Level Annotations

Branches:
Dungeon (8/15)             Temple (1/1) D:4           IceCv (1/1)
   Lair: D:8-11

Altars:
Ashenzari
Cheibriados
Dithmenos
Elyvilon
Fedhas
Gozag
Hepliaklqana
Kikubaaqudgha
Makhleb
Nemelex Xobeh
Okawaru
Qazlal
Ru
Sif Muna
Trog
Uskayaw
Vehumet
Wu Jian
Xom
Yredelemnul
Zin
The Shining One

Shops:
D:7 =[!

Annotations:
D:5 exclusion: door


Innate Abilities, Weirdness & Mutations

You have hooves in place of feet.
You are partially covered in slimy green scales. (AC +2)
A demonic guardian rushes to your aid.
You are mostly covered in sharp spines.


Message History

The wolf bites your smoke demon.
The frost giant casts a spell at your smoke demon.
The bolt of cold hits your smoke demon!!!
Your smoke demon dies!
You slash the wolf!
You kill the wolf!
The frost giant points at you and mumbles some strange words.
The bolt of cold hits you! You resist.
* * * LOW HITPOINT WARNING * * *
You feel better.
The frost giant points at you and mumbles some strange words.
The bolt of cold misses you.
The frost giant points at you and mumbles some strange words.
The bolt of cold misses you.
You slash the frost giant!
You kick the frost giant, but do no damage.
The frost giant is almost dead.
The frost giant casts a spell at you. The bolt of cold hits you!! You resist.
You die...

#.##
#..##.....#...#
#.†#
##.###........##
##.## #..#
##........# #..#
#÷## #.......##
#..## ##..#
##.....## ##.†#
#..## #....##
#.C###÷.# ##..##
##..##..# ####
#..#@.## ##.C.##
#..## ####


You could see a frost giant.

Vanquished Creatures
  An ice statue (IceCv)
  7 polar bears (IceCv)
  A hippogriff (D:7)
  Sigmund (D:3)
  2 yaks (IceCv)
  2 wyverns (D:8)
  A water moccasin (D:5)
  A sky beast (D:8)
  A black bear (D:8)
  2 ice beasts
  2 phantoms
  9 wolves (IceCv)
  2 centaurs (D:5)
  3 bullfrogs
  A wyvern skeleton (D:8)
  7 scorpions
  A wight (D:8)
  A killer bee (D:8)
  2 crimson imps
  A jelly (D:7)
  A hound (D:7)
  An orc priest (D:3)
  An orc wizard (D:3)
  A centaur skeleton (D:7)
  Jessica (D:8)
  A bullfrog skeleton (D:8)
  5 worker ants
  Natasha (thrice) (D:2)
  A hound zombie (D:5)
  A hound skeleton (D:6)
  A howler monkey zombie (D:8)
  A worker ant zombie (D:5)
  8 gnolls
  18 adders
  An ooze (D:2)
  An adder zombie (D:7)
  3 worms
  3 dart slugs
  6 leopard geckos
  8 orcs
  4 giant cockroaches
  10 goblins
  6 hobgoblins
  4 jackals (D:1)
  8 kobolds
  2 quokkas (D:7)
  4 ball pythons
  7 bats
  17 frilled lizards
  A jackal skeleton (D:6)
  A leopard gecko skeleton (D:5)
  A quokka skeleton (D:7)
  18 rats
197 creatures vanquished.

Vanquished Creatures (collateral kills)
  8 polar bears (IceCv)
  2 hippogriffs
  2 yaks (IceCv)
  2 wolves (IceCv)
  A gnoll sergeant (D:5)
  A scorpion (D:4)
  3 electric eels (D:5)
  2 orc priests (D:5)
  A gnoll (D:5)
  A leopard gecko (D:7)
  An orc (D:5)
24 creatures vanquished.

Grand Total: 221 creatures vanquished

Notes
Turn   | Place    | Note
-------+----------+-------------------------------------------
     0 | D:1      | theswoord the Demonspawn Gladiator began the quest for the
                  | Orb.
     0 | D:1      | Reached XP level 1. HP: 16/16 MP: 1/1
    40 | D:1      | Reached skill level 3 in Long Blades
    40 | D:1      | Gained mutation: You are partially covered in sharp spines.
                  | [demonic ancestry]
    40 | D:1      | Reached XP level 2. HP: 20/22 MP: 2/2
   310 | D:1      | Gained mutation: You are mostly covered in sharp spines.
                  | [demonic ancestry]
   310 | D:1      | Reached XP level 3. HP: 27/27 MP: 3/3
   369 | D:1      | Reached skill level 4 in Long Blades
   908 | D:2      | Reached XP level 4. HP: 33/33 MP: 4/4
  1197 | D:2      | Noticed Natasha
  1205 | D:2      | Killed Natasha
  1205 | D:2      | Reached skill level 5 in Long Blades
  1396 | D:2      | Noticed Natasha
  1402 | D:2      | Killed Natasha
  1402 | D:2      | Gained mutation: A weak demonic guardian rushes to your
                  | aid. [demonic ancestry]
  1402 | D:2      | Reached XP level 5. HP: 22/38 MP: 5/5
  1543 | D:2      | Noticed Natasha
  1551 | D:2      | Killed Natasha
  1997 | D:3      | Noticed Sigmund
  2030 | D:3      | Found a snail-covered altar of Cheibriados.
  2233 | D:3      | Killed Sigmund
  2233 | D:3      | Reached skill level 6 in Long Blades
  2233 | D:3      | Gained mutation: A demonic guardian rushes to your aid.
                  | [demonic ancestry]
  2233 | D:3      | Reached XP level 6. HP: 28/44 MP: 6/6
  2332 | D:3      | Reached skill level 7 in Long Blades
  2579 | D:3      | Found a white marble altar of Elyvilon.
  2743 | D:4      | Gained mutation: You have large cloven feet. [demonic
                  | ancestry]
  2743 | D:4      | Reached XP level 7. HP: 39/50 MP: 7/7
  2801 | D:4      | Found a staircase to the Ecumenical Temple.
  2815 | Temple   | Entered the Ecumenical Temple
  2964 | D:4      | Found an iron altar of Okawaru.
  3123 | D:4      | Noticed a hippogriff
  3130 | D:4      | Killed a hippogriff
  3132 | D:4      | Reached skill level 8 in Long Blades
  3224 | D:4      | Found a radiant altar of Vehumet.
  3317 | D:4      | Found a glowing golden altar of the Shining One.
  3452 | D:5      | Entered Level 5 of the Dungeon
  3592 | D:5      | Reached skill level 9 in Long Blades
  3592 | D:5      | Gained mutation: You have hoof-like feet. [demonic
                  | ancestry]
  3592 | D:5      | Reached XP level 8. HP: 56/56 MP: 8/8
  4137 | D:5      | Reached skill level 10 in Long Blades
  4914 | D:7      | Noticed a hippogriff
  4923 | D:7      | Killed a hippogriff
  4941 | D:7      | Found a shimmering altar of Xom.
  4969 | D:7      | Reached skill level 11 in Long Blades
  4990 | D:7      | Gained mutation: You have hooves in place of feet. [demonic
                  | ancestry]
  4990 | D:7      | Reached XP level 9. HP: 61/61 MP: 9/9
  5074 | D:7      | Found Muehit's Jewellery Shoppe.
  5144 | D:7      | Found Laanwoed's Antique Armour Emporium.
  5153 | D:7      | Found a shadowy altar of Dithmenos.
  5164 | D:7      | Found a burning altar of Makhleb.
  5226 | D:7      | Found Urghos's Distillery.
  5917 | D:8      | Reached skill level 12 in Long Blades
  6093 | D:8      | Found a sparkling altar of Nemelex Xobeh.
  6093 | D:8      | Noticed Jessica
  6106 | D:8      | Killed Jessica
  6403 | D:8      | You fall into a shaft and drop 3 floors!
  6403 | D:11     | Found a frozen archway.
  6411 | IceCv    | Entered an ice cave
  6456 | IceCv    | Noticed a polar bear
  6461 | IceCv    | Noticed a polar bear
  6469 | IceCv    | Killed a polar bear
  6469 | IceCv    | Reached skill level 13 in Long Blades
  6473 | IceCv    | Gained mutation: You are partially covered in slimy green
                  | scales. (AC +2) [demonic ancestry]
  6473 | IceCv    | Reached XP level 10. HP: 67/67 MP: 10/10
  6780 | IceCv    | Noticed an ice statue
  6816 | IceCv    | Killed an ice statue
  6899 | IceCv    | Reached skill level 14 in Long Blades
  7004 | IceCv    | Reached skill level 1 in Armour
  7125 | IceCv    | Noticed a frost giant
  7184 | IceCv    | Killed from afar by a frost giant

Skill      XL: |  1  2  3  4  5  6  7  8  9 10 |
---------------+-------------------------------+-----
Long Blades    | 3 4 5 6 7 9 11 13 14 | 14.0
Armour         | 2 |  2.3
Dodging        | 3 |  3.7
Fighting       | 4 |  4.4
Throwing       | |  1.7

Action                   |  1- 3 |  4- 6 |  7- 9 | 10-12 || total
-------------------------+-------+-------+-------+-------++-------
Melee: Long sword        |    63 |   104 |   234 |    70 ||   471
       Kick              |       |       |    86 |    28 ||   114
  Use: Potion            |       |     2 |     2 |     4 ||     8
       Scroll            |       |     1 |     9 |     2 ||    12
 Stab: Sleeping          |       |     1 |       |       ||     1
       Distracted        |       |       |       |     3 ||     3
  Eat: Chunk             |       |     6 |    12 |     2 ||    20
Armor: Leather armour    |    16 |    16 |    11 |       ||    43
       Scale mail        |       |       |    53 |    36 ||    89
Dodge: Dodged            |    36 |    55 |    93 |    43 ||   227
       Rpst.: Long sword |    12 |    15 |    22 |     8 ||    57

Levels and vault maps discovered:
D:1:      dpeg_arrival_oval, layout_rooms
D:2:      wander_river, layout_basic, minmay_lizard_pond, uniq_natasha
D:3:      layout_rooms, old_standard_altar, kennysheep_slug_shrine,
          kennysheep_potato, uniq_sigmund
D:4:      layout_basic, okawaru_gym_becter, marbit_many_paths,
          kennysheep_little_box, minmay_temple_entry_drinking_statues,
          first_ration
D:5:      cheibrodos_two_vegetables, layout_basic
D:6:      layout_basic
D:7:      layout_loops_ring, grunt_temple_overflow_open, serial_shops,
          kennysheep_mini_moat, shop, shop, xom_confusion_cloud
D:8:      kennysheep_six_static_rooms, layout_basic, nemelex_lonely_heart_becter
D:11:     layout_loops_ring, david_lair_generic,
          nicolae_trove_entry_free_sample, serial_ice, serial_ice_j,
          serial_ice_b, serial_ice_o, serial_ice_e,
          portal_ice_cave_entry_pillars_1
Temple:   regret_index_temple_waves
IceCv:    ice_cave_small_giant
